 Dungeon Crawl Stone Soup version 0.26.1-11-gd32895ea62 (webtiles) character file.

Game seed: 970437848892843912

10971 teslan the Cleaver (level 11, -4/99 HPs)
             Began as a Minotaur Berserker on May 9, 2021.
             Was a High Priest of Trog.
             Slain by a slime creature (10 damage)
             ... on level 11 of the Dungeon.
             The game lasted 02:08:35 (11907 turns).

teslan the Cleaver (Minotaur Berserker)            Turns: 11907, Time: 02:08:36

Health: -4/99      AC: 13    Str: 24    XL:     11   Next: 43%
Magic:  26/28      EV: 13    Int:  5    God:    Trog [*****.]
Gold:   512        SH:  5    Dex: 14    Spells: 10/10 levels left

rFire    + . .     SeeInvis .   N - +5 hand axe
rCold    . . .     Faith    +   u - +0 buckler
rNeg     . . .     Spirit   .   r - +2 steam dragon scales
rPois    .         Reflect  .   t - +2 hat
rElec    .         Harm     .   n - scarf {repulsion}
rCorr    .         Rampage  .   e - +0 pair of gloves of the Mind {MP+9} (curse)
Will     .....                  w - +0 pair of boots of Fortification {Dex+2 Slay+3}
Stlth    +.........             R - amulet of faith
HPRegen  0.26/turn              c - ring of magical power
MPRegen  0.21/turn              (no ring)

@: berserk cooldown, slowed, repel missiles, very slow
A: retaliatory headbutt, horns 2, agile 1, fire resistance 1, MP-powered wands
a: Renounce Religion, Berserk, Trog's Hand, Brothers in Arms


You were on level 11 of the Dungeon.
You worshipped Trog.
Trog was extremely pleased with you.
You visited 1 branch of the dungeon, and saw 11 of its levels.

You collected 548 gold pieces.
You spent 36 gold pieces at shops.

Inventory:

Hand Weapons
 b - a +2 vorpal great mace
 k - a +5 battleaxe
 p - the +8 halberd "Voggoirgh" {holy, Will+ Dex+3}
   (You found it on level 7 of the Dungeon)

   It has been blessed by the Shining One to cause great damage to the undead
   and demons.
   It affects your dexterity (+3).
   It affects your willpower, your defense against some magical effects.
 E - a +6 morningstar
 N - a +5 hand axe (weapon)
 P - a +4 flail of protection
Missiles
 i - 296 stones
 q - 4 atropa-tipped darts
 s - 46 poisoned darts
 x - 332 arrows
 C - 129 bolts
 D - 159 sling bullets
Armour
 e - the cursed +0 pair of gloves of the Mind (worn) {MP+9}
   (You found it on level 10 of the Dungeon)

   It affects your magic capacity (+9).
   It has a curse placed upon it.
 h - a +0 plate armour
 n - a scarf of repulsion (worn)
 r - +2 steam dragon scales (worn)
 t - a +2 hat (worn)
 u - a +0 buckler (worn)
 w - the +0 pair of boots of Fortification (worn) {Dex+2 Slay+3}
   (You found it on level 7 of the Dungeon)

   It affects your dexterity (+2).
   It affects your accuracy and damage with ranged weapons and melee attacks
   (+3).
 B - a +2 hat
Jewellery
 c - a ring of magical power (left hand)
 A - an uncursed amulet of guardian spirit
 R - an amulet of faith (around neck)
Wands
 v - a wand of flame (18)
 J - a wand of random effects (11) (quivered)
 T - a wand of disintegration (11)
Scrolls
 m - a scroll of enchant weapon
 o - 4 scrolls of remove curse
 y - 8 scrolls of identify
 z - a scroll of fear
 F - a scroll of magic mapping
 I - 5 scrolls of teleportation
 M - a scroll of fog
Potions
 a - 2 potions of lignification
 d - 2 potions of might
 f - a potion of curing
 g - 2 potions of heal wounds
 j - 3 potions of mutation
 l - 2 potions of haste
 G - 4 potions of attraction
 L - a potion of ambrosia
 Q - 2 potions of magic
 Y - a potion of brilliance


   Skills:
 + Level 9.8 Fighting
 + Level 12.1(13.5) Axes
 - Level 9.4(12.0) Maces & Flails
 - Level 4.4(9.1) Polearms
 + Level 8.6 Armour
 + Level 3.2 Dodging
 - Level 0.3 Stealth
 + Level 4.0 Shields
 - Level 5.1 Evocations


You had 10 spell levels left.
You didn't know any spells.
Your spell library contained the following spells:

 Spells                   Type           Power        Failure   Level
 Apportation              Tloc           0%           47%         1
 Magic Dart               Conj           0%           47%         1
 Blink                    Tloc           N/A          63%         2
 Call Imp                 Summ           0%           63%         2
 Slow                     Hex            0%           63%         2
 Conjure Flame            Conj/Fire      0%           85%         3
 Lesser Beckoning         Tloc           0%           85%         3
 Mephitic Cloud           Conj/Pois/Air  0%           85%         3
 Tukima's Dance           Hex            0%           85%         3
 Alistair's Intoxication  Tmut/Pois      0%           100%        5
 Invisibility             Hex            0%           100%        6


Dungeon Overview and Level Annotations

Branches:
Dungeon (11/15)            Temple (0/1) D:5             Orc (0/2) D:9
   Lair: D:8-11

Altars:
Ashenzari
Hepliaklqana
Makhleb
Ru
Sif Muna
Trog
Uskayaw
The Shining One

Shops:
D:5 [   D:6 !   D:10 [


Innate Abilities, Weirdness & Mutations

You reflexively headbutt those who attack you in melee.
You have a pair of horns on your head.
You are agile. (Dex +2)
Your flesh is heat resistant. (rF+)
You expend magic power (3 MP) to strengthen your wands.


Message History

You slash the slime creature! You headbutt the slime creature.
The slime creature is almost dead.
You hit the large slime creature.
The large slime creature barely misses you.
The gnoll hits you but does no damage. The large slime creature hits you!!
* * * LOW HITPOINT WARNING * * *
The slime creature hits you.
* * * LOW HITPOINT WARNING * * *
You feel much better.
The large slime creature barely misses you.
The slime creature hits you but does no damage.
You block the gnoll's attack. The slime creature barely misses you.
You furiously retaliate!
You headbutt the slime creature.
The large slime creature completely misses you.
You furiously retaliate!
You headbutt the large slime creature. The gnoll hits you but does no damage.
You feel better. The large slime creature hits you!!
* * * LOW HITPOINT WARNING * * *
The slime creature hits you!
You die...

...............#
##.#.########..########
#.#..................#
#.#..#######.........######
#.#..########.#######.....#
#.#..#..............+.....+
#....#......#.#######.....#
#...........#.#######.....#
#..#.#.#....#.#@J...+....##
#...........#.#J#####....#
#..#.#.#....#.#g# #....#
#...........#.#g# #....#
#..#.#.#)#+##.#g# #....#
##......†.)....#.# #....#
......J.##.....#.##########
.#.###..##)..g).........
g....o..##....###.......


You could see a large slime creature (fast), a slime creature (fast) and 3
gnolls.

Vanquished Creatures
  Gastronok (D:10)
  Erolcha (D:10)
  A two-headed ogre (D:10)
  The ghost of manyhoops the Skirmisher, a novice PaTm (D:5)
  Maggie (D:9)
  A kobold demonologist (D:10)
  A troll (D:10)
  A hornet (D:10)
  A slime creature (D:11)
  A vampire (D:10)
  4 yaks (D:9)
  A wyvern (D:8)
  A water moccasin (D:7)
  2 orc warriors
  2 black bears
  A sky beast (D:7)
  3 phantoms
  3 ogres
  7 centaurs
  16 big kobolds
  4 bullfrogs
  A gnoll sergeant (D:11)
  A water moccasin zombie (D:8)
  5 scorpions (D:4)
  A water moccasin skeleton (D:7)
  5 killer bees (D:10)
  17 wights
  A howler monkey (D:6)
  A centaur zombie (D:9)
  3 jellies
  A quasit (D:10)
  3 hounds
  4 orc wizards
  8 orc priests
  3 bullfrog skeletons
  A centaur skeleton (D:5)
  3 iguanas
  6 worker ants
  A hound skeleton (D:7)
  A worker ant zombie (D:5)
  2 gnolls (D:11)
  15 adders
  A howler monkey skeleton (D:4)
  2 shadow imps (D:7)
  4 white imps
  2 ufetubi
  3 oozes
  An adder skeleton (D:7)
  2 adder zombies
  A dart slug (D:2)
  3 worms
  7 leopard geckos
  16 orcs
  2 ball pythons
  6 bats
  11 giant cockroaches
  7 goblins
  8 hobgoblins
  4 jackals (D:1)
  3 quokkas
  3 frilled lizards
  14 kobolds
  8 rats
245 creatures vanquished.

Notes
Turn   | Place    | Note
-------+----------+-------------------------------------------
     0 | D:1      | teslan the Minotaur Berserker began the quest for the Orb.
     0 | D:1      | Reached XP level 1. HP: 19/19 MP: 0/0
   181 | D:1      | Reached XP level 2. HP: 22/27 MP: 1/1
   725 | D:1      | Reached ** piety under Trog
   768 | D:1      | Reached XP level 3. HP: 34/34 MP: 2/2
  1336 | D:2      | Reached skill level 1 in Maces & Flails
  1351 | D:2      | Reached XP level 4. HP: 30/41 MP: 3/3
  2267 | D:3      | Reached XP level 5. HP: 46/47 MP: 4/4
  2381 | D:3      | Reached XP level 6. HP: 52/55 MP: 5/5
  3223 | D:4      | Reached skill level 5 in Fighting
  3436 | D:4      | Reached skill level 5 in Armour
  3475 | D:4      | Reached skill level 5 in Maces & Flails
  3475 | D:4      | Reached XP level 7. HP: 55/61 MP: 6/6
  3523 | D:4      | Reached *** piety under Trog
  4335 | D:5      | Entered Level 5 of the Dungeon
  4339 | D:5      | Noticed manyhoops's ghost (novice PaTm)
  4389 | D:5      | Found a runed translucent door.
  4619 | D:5      | Found a staircase to the Ecumenical Temple.
  4648 | D:5      | Found Giemell's Antique Armour Shoppe.
  5114 | D:5      | Reached XP level 8. HP: 70/70 MP: 7/7
  5124 | D:5      | Found a hazy altar of Hepliaklqana.
  5167 | D:5      | Found a bloodstained altar of Trog.
  5256 | D:5      | Killed manyhoops's ghost
  5717 | D:6      | Found Nyklu's Distillery.
  5815 | D:6      | Bought a potion of lignification for 36 gold pieces
  6123 | D:6      | Reached skill level 1 in Evocations
  6290 | D:6      | Reached skill level 1 in Shields
  6478 | D:7      | Got a blackened halberd
  6551 | D:7      | Got a pair of smoking boots
  6557 | D:7      | Identified the +0 pair of boots of Fortification {Dex+2
                  | Slay+3} (You found it on level 7 of the Dungeon)
  6756 | D:7      | Found a glowing golden altar of the Shining One.
  6941 | D:7      | Reached XP level 9. HP: 76/79 MP: 8/8
  7419 | D:7      | Found a shimmering blue altar of Sif Muna.
  7850 | D:8      | Reached **** piety under Trog
  7909 | D:8      | Reached skill level 1 in Axes
  8455 | D:8      | Found a sacrificial altar of Ru.
  8455 | D:8      | Found a burning altar of Makhleb.
  8619 | D:8      | Reached skill level 2 in Axes
  8778 | D:8      | Identified the +8 halberd "Voggoirgh" {holy, Will+ Dex+3}
                  | (You found it on level 7 of the Dungeon)
  8861 | D:9      | Reached skill level 3 in Axes
  8867 | D:9      | Reached skill level 4 in Axes
  8989 | D:9      | Found a staircase to the Orcish Mines.
  9150 | D:9      | Reached skill level 5 in Axes
  9214 | D:9      | Noticed Maggie
  9230 | D:9      | Killed Maggie
  9231 | D:9      | Reached XP level 10. HP: 78/90 MP: 9/9
  9314 | D:9      | Reached skill level 6 in Axes
  9481 | D:9      | Found a hide-covered altar of Uskayaw.
  9815 | D:9      | Found a broken altar of Ashenzari.
 10168 | D:10     | Entered Level 10 of the Dungeon
 10299 | D:10     | Reached skill level 7 in Axes
 10346 | D:10     | Reached skill level 8 in Axes
 10451 | D:10     | Reached ***** piety under Trog
 10523 | D:10     | Reached skill level 9 in Axes
 10592 | D:10     | Got a pair of jewelled gloves
 10598 | D:10     | Identified the cursed +0 pair of gloves of the Mind {MP+9}
                  | (You found it on level 10 of the Dungeon)
 10649 | D:10     | Identified a scroll of acquirement
 10649 | D:10     | Acquired a scarf of repulsion
 10741 | D:10     | Found Fanumeu's Antique Armour Boutique.
 10831 | D:10     | Received a gift from Trog
 10922 | D:10     | Noticed a two-headed ogre
 10938 | D:10     | Killed a two-headed ogre
 10939 | D:10     | Reached skill level 10 in Axes
 10963 | D:10     | Reached XP level 11. HP: 86/97 MP: 10/10
 11168 | D:10     | Paralysed by a hornet for 3 turns
 11501 | D:10     | Noticed Erolcha
 11507 | D:10     | Killed Erolcha
 11508 | D:10     | Reached skill level 11 in Axes
 11637 | D:10     | Noticed Gastronok
 11659 | D:10     | Killed Gastronok
 11660 | D:10     | Reached skill level 12 in Axes
 11660 | D:10     | Reached skill level 5 in Evocations
 11793 | D:10     | Gained mutation: You are agile. (Dex +2) [potion of
                  | mutation]
 11793 | D:10     | Gained mutation: Your flesh is heat resistant. (rF+)
                  | [potion of mutation]
 11793 | D:10     | Gained mutation: You expend magic power (3 MP) to
                  | strengthen your wands. [potion of mutation]
 11907 | D:11     | Slain by a slime creature

Illustrated notes

Levels and vault maps discovered:
D:1:      dpeg_arrival_solitude, layout_loops_ring
D:2:      layout_basic
D:3:      layout_basic
D:4:      layout_basic
D:5:      layout_gridville, nzn_hepliaklqana_mist_gate, lightli_temple_of_fire,
          temple_fountains, hellmonk_ghost_happy_afterlife, serial_shops,
          shop_statue, serial_glass, glass_columns_b, glass_columns_a
D:6:      layout_loops_ring, serial_shops, shop, dk_vineyard_2
D:7:      layout_basic, kennysheep_mini_moat, led_sif_pool
D:8:      layout_loops_ring, gammafunk_temple_overflow_elements
D:9:      layout_basic, kennysheep_mini, general_overflow_altar, david_orc_3,
          uniq_maggie
D:10:     layout_loops_corners, serial_shops, nicolae_shop_statue_plus,
          special_room [special_room_kobold], grunt_ministairs_7,
          uniq_gastronok, uniq_erolcha
D:11:     layout_basic, due_lair_maze_entry_diamond, serial_glass,
          glass_columns_b, glass_columns_b, glass_columns_a, glass_columns_a,
          glass_columns_a, glass_columns_b, glass_columns_b, glass_columns_b,
          glass_columns_a, glass_columns_b, serial_shops, kennysheep_little_box,
          onia_ninara_cookie

Skill      XL: |  1  2  3  4  5  6  7  8  9 10 11 |
---------------+----------------------------------+-----
Fighting       | 4 5 6 7 8 9 |  9.8
Polearms       | 4 |  4.4
Maces & Flails | 1 2 3 5 7 8 9 |  9.4
Armour         | 3 4 5 7 8 |  8.6
Dodging        | 3 |  3.2
Evocations     | 1 3 4 5 |  5.1
Shields        | 2 3 4 |  4.0
Axes           | 5 10 12 | 12.1
Stealth        | |  0.3

Action                   |  1- 3 |  4- 6 |  7- 9 | 10-12 || total
-------------------------+-------+-------+-------+-------++-------
Melee: Spear             |     9 |       |       |       ||     9
       Headbutt          |    15 |    19 |    55 |    58 ||   147
       Mace              |    54 |    55 |       |       ||   109
       Flail             |       |    61 |   166 |       ||   227
       Hand axe          |       |       |    85 |   222 ||   307
Invok: Berserk           |     2 |     2 |     1 |     1 ||     6
       Trog's Hand       |     1 |     1 |     1 |       ||     3
Evoke: Wand              |       |       |       |     7 ||     7
  Use: Scroll            |     6 |     4 |    14 |     4 ||    28
       Potion            |       |       |     1 |     5 ||     6
 Stab: Sleeping          |       |       |       |     1 ||     1
Armor: Scale mail        |    19 |       |       |       ||    19
       Animal skin       |     1 |       |       |       ||     1
       Ring mail         |     3 |    40 |    17 |       ||    60
       Chain mail        |       |       |    80 |       ||    80
       Steam dragon scal |       |       |       |    64 ||    64
Dodge: Dodged            |    43 |    68 |    98 |   113 ||   322
       Repelled          |       |       |       |     1 ||     1
Block: Buckler           |       |       |    32 |    48 ||    80
